 Dungeon Crawl Stone Soup version 0.30-b1-2-g02819fbbbe (webtiles) character file.

Game seed: 9540573522281135781

228 MisterFreud the Sneak (level 5, -4/36 HPs)
             Began as a Felid Berserker on Jan 3, 2024.
             Was a Believer of Trog.
             Slain by Pikel
             ... wielding a +2 whip of flaming
              (10 damage)
             ... on level 4 of the Dungeon.
             The game lasted 00:03:57 (2735 turns).

MisterFreud the Sneak (Felid Berserker)             Turns: 2735, Time: 00:03:58

Health: -4/36      AC:  2    Str: 13    XL:     5   Next: 70%
Magic:  6/6        EV: 19    Int:  8    God:    Trog [**....]
Gold:   154        SH:  0    Dex: 18    Spells: 4/4 levels left
                                        Lives:  0   Deaths: 1

rFire   . .          .
                       - Unarmed
rCold   . . .        (shield unavailable)
rNeg    . . .        (body armour unavailable)
rPois   .            (helmet unavailable)
rElec   .            (cloak unavailable)
rCorr   .            (gloves unavailable)
SInv    +            (boots unavailable)
Will    .....        g - amulet of faith Stlth
                     (no ring)
HPRegen 0.26/turn    (no ring)
MPRegen 0.10/turn

%: faith
@: berserking (expiring), very quick
A: very small, claws 1, fangs 3, see invisible, speed 1, shaggy fur 2, stealthy
paws, no weapons or thrown items, no armour, multi-lived
a: Renounce Religion, Berserk, Trog's Hand


You were on level 4 of the Dungeon.
You worshipped Trog.
Trog was pleased with you.
You visited 1 branch of the dungeon, and saw 5 of its levels.

You collected 154 gold pieces.

Inventory:

Jewellery
 a - a ring of ice
 f - a +5 ring of evasion
 g - an amulet of faith (around neck)
Scrolls
 b - a scroll of fear
 d - 3 scrolls of identify
 j - a scroll of teleportation
Potions
 c - 3 potions of invisibility
 e - a potion of attraction
 h - a potion of ambrosia
 i - a potion of curing
 k - a potion of brilliance {unknown}


   Skills:
 - Level 3.0 Fighting
 + Level 4.4 Dodging
 - Level 6.0 Stealth
 - Level 6.0 Unarmed Combat


You had 4 spell levels left.
You didn't know any spells.
Your spell library was empty.

Dungeon Overview and Level Annotations

Branches:
Dungeon (5/15)
 Temple: D:4-7

Altars:
Trog

Annotations:
D:4 Pikel


Innate Abilities, Weirdness & Mutations

You have sharp claws.
You have razor-sharp teeth.
You have supernaturally acute eyesight. (SInv)
You cover ground quickly. (Speed+)
You are covered in thick fur. (AC +2)
Your paws help you pounce on unaware monsters.
You are incapable of wielding weapons or throwing items.
You cannot wear armour.
You gain extra lives every three experience levels.


Message History

That felt strangely unrewarding.
You start resting.
You feel a strong urge to attack something.
You start resting.
You feel your anger nearly subside.
You are no longer berserk.
You are exhausted.
You feel yourself slow down.
You start resting.
You feel yourself speed up.
You start resting.
You recover from your berserk rage.
There is a stone staircase leading down here.
You climb downwards.
Level annotation: Pikel
There is a stone staircase leading up here.
Pikel is nearby!
A red film seems to cover your vision as you go berserk!
You feel yourself moving faster!
You feel mighty!
You feel a strong urge to attack something.
Pikel hits you with a +2 whip of flaming.
Pikel burns you.
You claw Pikel!
Pikel is lightly wounded.
You closely miss Pikel.
Pikel is lightly wounded.
Pikel misses you.
You closely miss Pikel.
Pikel is lightly wounded.
Pikel zaps a wand.
The puff of flame hits you!
You claw Pikel!
Pikel is heavily wounded.
You claw Pikel! Your claw misses Pikel.
Pikel is severely wounded.
Pikel zaps a wand.
The puff of flame hits you!
* * * LOW HITPOINT WARNING * * *
You are too injured to fight recklessly!
You closely miss Pikel.
Pikel is severely wounded.
Pikel hits you with a +2 whip of flaming!
You die...

#......###..............
####..#...###..........≈≈≈§ .....
#..###...........≈...
......###.##............≈§≈§
......#.....?#...##....≈.§.
#...........###..#.....≈.≈.
###...##..#...#...(.....≈.≈.
#....##...#<............≈.≈≈
######....##..##@÷...........[§..
......##......##K..[......#..≈≈≈≈
...<.K........#..................
.##..#.#...................>.....
##..#..#..?...###.......))...†.>.
...##.........# ##.......)..†....
#...#........## #................
##..#........# ##...........###.
?.########..#####..........####.


You could see Pikel.

Vanquished Creatures
  Sigmund (D:2)
  4 lemures
  2 hounds
  An iguana (D:4)
  Robin (D:4)
  5 gnolls
  4 adders
  A shadow imp (D:5)
  2 worms
  6 endoplasms
  2 giant cockroaches
  8 goblins (D:4)
  9 hobgoblins
  5 kobolds
  A quokka (D:4)
  5 ball pythons
  7 bats
  A frilled lizard (D:2)
  3 rats
68 creatures vanquished.

Notes
Turn   | Place    | Note
-------+----------+-------------------------------------------
     0 | D:1      | MisterFreud the Felid Berserker began the quest for the
                  | Orb.
     0 | D:1      | Reached XP level 1. HP: 10/10 MP: 2/2
    65 | D:1      | Reached skill level 1 in Stealth
   119 | D:1      | Reached XP level 2. HP: 14/14 MP: 3/3
   649 | D:2      | Reached XP level 3. HP: 17/17 MP: 4/4
   768 | D:2      | Noticed Sigmund
   782 | D:2      | Killed Sigmund
   783 | D:2      | Reached skill level 5 in Stealth
   783 | D:2      | Reached XP level 4. HP: 14/21 MP: 5/5
   783 | D:2      | Reached XP level 5. HP: 16/24 MP: 6/6
  1005 | D:2      | Reached ** piety under Trog
  1487 | D:3      | Reached skill level 5 in Unarmed Combat
  2119 | D:5      | Entered Level 5 of the Dungeon
  2131 | D:5      | Gained mutation: You are covered in thick fur. (AC +2)
                  | [Felid growth]
  2131 | D:5      | Reached XP level 6. HP: 15/28 MP: 7/7
  2329 | D:4      | Noticed Pikel
  2389 | D:4      | Found a bloodstained altar of Trog.
  2426 | D:4      | HP: 1/42 [iguana (7)]
  2440 | D:4      | Slain by a lemure
  2441 | D:4      | Reached XP level 5. HP: 0/24 MP: 6/6
  2455 | D:4      | Killed a lemure
  2517 | D:4      | Noticed Robin
  2537 | D:4      | Killed Robin
  2595 | D:4      | Killed a lemure
  2598 | D:4      | Killed a lemure
  2598 | D:4      | Noticed a lemure
  2666 | D:3      | Killed a lemure
  2735 | D:4      | Slain by Pikel

Illustrated notes

Levels and vault maps discovered:
D:1:      lightli_iron_boxes, layout_basic, chequers_jeans
D:2:      layout_basic, uniq_sigmund
D:3:      layout_loops_ring
D:4:      layout_cave_pools, lemuel_doored_altar, fedhas_altar_decomposition,
          mainiacjoe_overflow_concentric_impassable, temple_fountains,
          uniq_pikel, uniq_robin, uniq_crazy_yiuf_cottage
D:5:      layout_basic, minitemple

Skill      XL: |  1  2  3  4  5  6 |
---------------+-------------------+-----
Stealth        | 1 2 5 6 |  6.0
Unarmed Combat | 4 5 6 |  6.0
Fighting       | |  3.0
Dodging        | |  4.4

Action                     |  1- 3 |  4- 6 || total
---------------------------+-------+-------++-------
  Melee: Unarmed           |    63 |   133 ||   196
         Bite              |     5 |     7 ||    12
         Punch             |       |     2 ||     2
 Invoke: Berserk           |     2 |     7 ||     9
    Use: Scroll            |     4 |     8 ||    12
         Potion            |       |     1 ||     1
   Stab: Sleeping          |     1 |     6 ||     7
 Armour: Skin              |     1 |    11 ||    12
  Dodge: Dodged            |    48 |    93 ||   141
